Map: Помечтай РВ

Players

ƎDǃBee - Winner!

  • Race: Zerg Zerg
  • League: Grandmaster
  • Spawn Location: 7:00

AllHailLuluǃ

  • Race: Zerg Zerg
  • Spawn Location: 1:00

VOD

Have the link to the VOD?

Description

Time

  • Played on: May 15, 2020, 12:32 p.m.
  • Length: 9:40
Show
View Real Time Build Order
Export as new Build Order

ƎDǃBee Zerg - Winner!

Build Orders: Hatch First 

Get SALT Encoding   

  12  0:00  Drone  
  13  0:12  Overlord  
  13  0:17  Drone  
  14  0:30  Drone x2  
  16  0:47  Hatchery  
  15  0:50  Drone  
  15  0:54  Drone  
  18  0:57  Drone  
  18  1:07  Extractor  
  17  1:12  Spawning Pool  
  17  1:15  Drone  
  17  1:19  Drone  
  18  1:28  Drone  
  19  1:38  Drone  
  20  1:49  Drone  
  21  1:58  Drone  
  21  1:59  Queen x2, Overlord  
  26  2:08  Metabolic Boost  
  26  2:09  Drone  
  26  2:11  Drone  
  28  2:20  Zergling x2  
  28  2:22  Drone  
  30  2:31  Drone  
  30  2:32  Drone  
  32  2:37  Hatchery  
  32  2:42  Queen  
  33  2:50  Baneling Nest  
  32  2:51  Overlord  
  32  2:55  Drone  
  32  2:58  Drone  
  34  3:00  Drone  
  34  3:03  Drone  
  36  3:06  Overlord  
  36  3:11  Zergling x2  
  36  3:12  Zergling x2  
  38  3:13  Drone  
  38  3:15  Drone  
  38  3:17  Drone  
  38  3:18  Drone  
  42  3:23  Overlord  
  42  3:28  Drone  
  42  3:36  Baneling  
  42  3:38  Extractor  
  42  3:39  Evolution Chamber  
  40  3:41  Drone x3  
  40  3:42  Drone  
  40  3:43  Drone  
  40  3:44  Drone x2  
  47  3:49  Drone  
  47  3:50  Drone x2  
  50  3:56  Drone x2  
  52  4:03  Drone x2  
  52  4:07  Zerg Missile Weapons Level 1  
  52  4:09  Drone  
  55  4:15  Drone  
  55  4:16  Drone x7  
  62  4:22  Lair, Overlord  
  61  4:29  Zergling x2, Roach Warren  
  61  4:30  Zergling x4  
  63  4:35  Extractor  
  63  4:38  Overlord  
  62  4:43  Extractor x2  
  62  4:44  Drone  
  62  4:45  Drone x3  
  64  4:46  Drone  
  64  4:50  Drone  
  64  4:51  Drone x5  
  64  4:52  Overlord  
  71  4:57  Drone  
  71  4:58  Pneumatized Carapace  
  72  5:01  Overlord  
  72  5:07  Hatchery  
  72  5:11  Drone, Extractor  
  72  5:12  Drone  
  72  5:13  Evolution Chamber  
  70  5:16  Drone x3  
  70  5:18  Overlord  
  70  5:19  Roach x2  
  77  5:22  Glial Reconstitution  
  77  5:23  Overseer  
  77  5:24  Overseer  
  79  5:28  Roach x3  
  79  5:30  Drone  
  84  5:36  Baneling  
  84  5:37  Baneling x2  
  84  5:40  Roach x2, Zerg Ground Armor Level 1  
  84  5:42  Overlord  
  88  5:44  Overlord  
  88  5:46  Roach  
  90  5:50  Roach x3  
  90  5:52  Roach  
  98  5:57  Roach x3  
  98  6:01  Overlord  
  98  6:03  Zerg Missile Weapons Level 2  
  104  6:06  Drone  
  104  6:10  Drone x4  
  109  6:11  Drone  
  109  6:12  Drone  
  109  6:14  Unknown  
  109  6:15  Overlord  
  110  6:20  Roach  
  110  6:21  Roach x3  
  118  6:27  Roach x3  
  123  6:42  Roach x4  
  123  6:43  Roach x4  
  136  6:51  Overlord  
  136  6:52  Overlord x3  
  136  6:59  Burrow, Tunneling Claws  
  136  7:06  Overlord  
  136  7:08  Overlord  
  136  7:13  Roach x11  
  136  7:14  Roach  
  160  7:21  Overlord x2  
  160  7:27  Ravager x2  
  160  7:28  Ravager x2  
  160  7:29  Ravager  
  165  7:30  Roach x5, Ravager  
  165  7:35  Overlord x2  
  165  7:36  Overlord  
  176  7:43  Infestation Pit  
  176  7:44  Roach x2  
  179  7:46  Overseer  
  179  7:52  Roach x3  
  183  7:59  Roach x6  
  195  8:06  Roach  
  195  8:07  Roach  
  195  8:12  Overlord x2  
  199  8:18  Roach  
  199  8:21  Hive, Pathogen Glands  
  199  8:29  Roach x6  
  199  8:30  Roach x12  
  199  8:33  Roach x4  
  189  8:42  Roach x5  
  189  8:43  Overlord  
  191  8:51  Roach x5  
  191  8:52  Roach  
  187  8:56  Roach x9  
  191  9:08  Roach  
  179  9:20  Roach  
  179  9:21  Roach x3  
Show
View Real Time Build Order
Export as new Build Order

AllHailLuluǃ Zerg 

Build Orders: Hatch First 

Get SALT Encoding   

  12  0:00  Drone  
  13  0:13  Overlord  
  13  0:16  Drone  
  14  0:31  Drone x2  
  16  0:47  Hatchery  
  15  0:51  Drone  
  15  0:55  Drone  
  17  0:57  Drone  
  18  1:09  Extractor  
  17  1:12  Spawning Pool  
  17  1:16  Drone  
  17  1:19  Drone  
  18  1:28  Drone  
  19  1:58  Drone x2  
  19  2:01  Queen x2  
  23  2:08  Drone x2, Metabolic Boost  
  27  2:10  Drone  
  28  2:19  Overlord  
  28  2:33  Hatchery  
  28  2:36  Drone  
  28  2:41  Zergling x2  
  28  2:42  Drone x3  
  32  2:48  Overlord  
  32  2:52  Queen  
  34  3:00  Baneling Nest  
  34  3:04  Drone x2  
  35  3:08  Zergling x4  
  35  3:12  Zergling x2  
  38  3:14  Drone x3  
  38  3:19  Overlord  
  41  3:25  Drone  
  41  3:26  Drone x2  
  44  3:31  Evolution Chamber  
  42  3:44  Drone  
  42  3:46  Drone  
  42  3:47  Drone x6  
  42  3:48  Baneling x2  
  50  3:57  Overlord  
  50  3:59  Drone  
  50  4:00  Drone  
  50  4:01  Zerg Missile Weapons Level 1  
  52  4:06  Extractor  
  52  4:07  Overlord, Extractor  
  50  4:10  Drone x4  
  50  4:11  Drone  
  53  4:24  Lair  
  53  4:30  Drone x2  
  55  4:32  Drone  
  55  4:34  Drone x4  
  55  4:36  Extractor  
  55  4:37  Extractor  
  58  4:39  Overlord  
  58  4:40  Overlord  
  58  4:43  Drone x2  
  60  4:48  Roach Warren  
  59  4:52  Pneumatized Carapace  
  59  4:57  Drone x4  
  59  4:58  Drone, Hatchery  
  63  5:03  Drone x3  
  65  5:17  Drone  
  65  5:18  Drone x3  
  65  5:19  Drone x4  
  73  5:21  Overseer  
  73  5:22  Extractor  
  72  5:29  Overlord x2  
  72  5:30  Glial Reconstitution  
  72  5:31  Roach x3  
  72  5:33  Overlord  
  72  5:35  Overlord  
  78  5:46  Drone, Evolution Chamber  
  90  5:50  Roach x7  
  93  5:57  Ravager x3  
  95  6:06  Roach x6  
  107  6:14  Ravager  
  107  6:16  Zerg Missile Weapons Level 2  
  107  6:18  Drone  
  109  6:19  Zerg Ground Armor Level 1, Spore Crawler  
  109  6:21  Roach x5  
  110  6:40  Roach x5  
  118  6:52  Drone x2  
  120  6:56  Overlord  
  120  6:57  Overlord  
  120  6:58  Overlord x2  
  120  7:17  Roach x8  
  120  7:18  Roach x5  
  144  7:30  Unknown  
  144  7:36  Drone x3  
  146  7:42  Roach x3  
  146  7:43  Overlord x4  
  152  7:46  Hydralisk Den  
  152  7:58  Ravager  
  152  8:00  Overlord x2  
  152  8:04  Ravager  
  152  8:05  Roach x15  
  183  8:10  Ravager  
  181  8:21  Grooved Spines  
  181  8:22  Hydralisk x3  
  181  8:23  Lurker Den  
  181  8:26  Overseer  
  170  8:36  Overseer  
  160  8:46  Hydralisk x8  
  163  8:55  Roach x3  
  127  9:11  Roach x5  
Tags
 
Add a new tag
Caveats
  • Supply blocks, unpowered buildings, or Contaminate may cause inaccurate times.
  • Supply counts are checked every 10 seconds.